 Dungeon Crawl Stone Soup version 0.28-a0-1147-gc7b72d3202 (webtiles) character file.

Game seed: 11028563548555672622

107 ChaosChampion the Distorting Demonspawn (level 4, -5/36 HPs)
             Began as a Demonspawn Abyssal Knight on Dec 14, 2021.
             Was a Believer of Lugonu.
             Killed from afar by Sigmund (9 damage)
             ... with a magic dart
             ... on level 3 of the Dungeon.
             The game lasted 00:03:00 (1810 turns).

ChaosChampion the Distorting Demonspawn (DsAK)      Turns: 1810, Time: 00:03:00

Health: -5/36      AC:  7    Str: 15    XL:     4   Next: 57%
Magic:  6/6        EV: 11    Int: 12    God:    Lugonu [**....]
Gold:   49         SH:  0    Dex: 13    Spells: 3/3 levels left

rFire   . . .      SeeInvis .   a - +1 hand axe
rCold   . . .      Faith    .   (no shield)
rNeg    . . .      Spirit   .   i - +0 ring mail
rPois   .          Reflect  .   (no helmet)
rElec   .          Harm     .   (no cloak)
rCorr   .          Rampage  .   (no gloves)
Will    .....                   (no boots)
Stlth   +.........              (no amulet)
HPRegen 0.12/turn               (no ring)
MPRegen 0.10/turn               (no ring)

@: no status effects
A: sharp scales 2
a: Renounce Religion, Depart the Abyss, Bend Space


You were on level 3 of the Dungeon.
You worshipped Lugonu.
Lugonu was pleased with you.
You visited 1 branch of the dungeon, and saw 4 of its levels.
You visited the Abyss 1 time.

You collected 49 gold pieces.

Inventory:

Hand Weapons
 a - a +1 hand axe (weapon)
Armour
 i - a +0 ring mail (worn)
Scrolls
 d - 2 scrolls of identify {unknown}
 g - a scroll of teleportation {unknown}
Potions
 b - a potion of brilliance {unknown}
 c - a potion of might {unknown}
 e - 2 potions of cancellation {unknown}
 f - a potion of flight {unknown}
 h - a potion of curing {unknown}


   Skills:
 + Level 3.6 Fighting
 + Level 2.5 Axes
 + Level 2.5 Armour
 - Level 1.5 Dodging
 + Level 3.7 Invocations


You had 3 spell levels left.
You didn't know any spells.
Your spell library contained the following spells:

 Spells                   Type           Power      Damage    Failure   Level
 Animate Skeleton         Necr           0%         N/A       54%         1
 Pain                     Necr           0%         1d4       54%         1
 Vampiric Draining        Necr           0%         2d6       88%         3


Dungeon Overview and Level Annotations

Branches:
Dungeon (4/15)
 Temple: D:4-7

Altars:

Shops:
D:2 *

Annotations:
D:3 Sigmund


Innate Abilities, Weirdness & Mutations

You are mostly covered in razor-sharp scales. (AC +2, Slay +2)


Message History

The orc is heavily wounded.
The orc hits you but does no damage. The orc barely misses you.
You hit the orc.
You kill the orc!
Lugonu accepts your kill.
You hit something. Something hits you but does no damage.
You hear some strange, mumbled words.
A puff of flame appears from out of thin air!
The puff of flame hits you.
You miss something.
An orc comes into view. It is wielding a +0 trident.
Something hits you.
You are too injured to fight recklessly!
You are too injured to fight recklessly!
You are too injured to fight recklessly!
You are too injured to fight recklessly!
The orc shouts!
You slash something! Something hits you. Something hits you but does no damage.
The orc barely misses you.
You hit something. Something completely misses you.
The orc hits you but does no damage. Something hits you.
* * * LOW HITPOINT WARNING * * *
Okay, then.
Okay, then.
You are too injured to fight recklessly!
You hit something. Lugonu accepts your kill.
Reactivating autopickup.
You feel a bit more experienced.
The orc hits you from afar with a +0 trident.
* * * LOW HITPOINT WARNING * * *
The orc barely misses you.
You hit the orc.
The orc is heavily wounded.
The orc barely misses you. The orc hits you with a +0 mace.
* * * LOW HITPOINT WARNING * * *
You are too injured to fight recklessly!
Sigmund points at you and mumbles some strange words.
The magic dart hits you!
You die...

...##.............#
...##..........#..############
...##..............##.........
...##.....>.....##.##.########
...##.)...............#
.##......@.....†####.##
.##..........##.# #.######
.#######.###..#.####..#...# .
.....# #.# ##...@.oo....#.# .
.....# #†# #.........†.#)## ..
@....# #.#
#........##.#o.####.. .....#
#.# #........##.##...#...
<...?# #.#
#.........#..###...# .....#
#.. ...........##......#..
##..##
......########.##....#....
..$. ...### #....##....#.
....# ##.. ###....


You could see Sigmund and 2 orcs.

Vanquished Creatures
  An orc wizard (D:3)
  3 adders (D:2)
  A worm (D:2)
  3 dart slugs (D:2)
  2 orcs
  7 ball pythons
  3 endoplasms
  A goblin (D:2)
  7 hobgoblins
  3 kobolds
  A quokka (D:3)
  5 bats
  2 frilled lizards
  9 rats
48 creatures vanquished.

Notes
Turn   | Place    | Note
-------+----------+-------------------------------------------
     0 | Abyss:1  | ChaosChampion the Demonspawn Abyssal Knight began the quest
                  | for the Orb.
     0 | Abyss:1  | Reached XP level 1. HP: 18/18 MP: 2/2
    14 | D:1      | Escaped the Abyss
   375 | D:1      | Reached skill level 1 in Dodging
   727 | D:1      | Gained mutation: You are partially covered in razor-sharp
                  | scales. (AC +1, Slay +1) [demonic ancestry]
   727 | D:1      | Reached XP level 2. HP: 24/24 MP: 4/4
  1158 | D:2      | Gained mutation: You are mostly covered in razor-sharp
                  | scales. (AC +2, Slay +2) [demonic ancestry]
  1158 | D:2      | Reached XP level 3. HP: 29/29 MP: 5/5
  1241 | D:2      | Found Ethroju's Assorted Antiques.
  1254 | D:2      | Reached ** piety under Lugonu
  1564 | D:2      | Reached XP level 4. HP: 35/35 MP: 6/6
  1574 | D:3      | Noticed Sigmund
  1810 | D:3      | Killed from afar by Sigmund

Illustrated notes

Levels and vault maps discovered:
D:1:      dpeg_arrival_ratfight, layout_basic
D:2:      layout_rooms, serial_shops, nicolae_shop_crystal, serial_park_tiny_1
D:3:      layout_rooms, dilly_ecumenical_altar_fadedgnrine,
          uniq_crazy_yiuf_cottage, uniq_sigmund
D:4:      layout_cave_pools, nicolae_elyvilon_peaceful_grove,
          fedhas_altar_fruit_tree, mainiacjoe_overflow_tiny_flanked

Skill      XL: |  1  2 |
---------------+-------+-----
Dodging        | 1 |  1.5
Axes           | 2 |  2.5
Armour         | 2 |  2.5
Invocations    | 3 |  3.7
Fighting       | |  3.6

Action                   |  1- 3 |  4- 6 || total
-------------------------+-------+-------++-------
Melee: Hand axe          |    90 |    39 ||   129
Armor: Leather armour    |    13 |       ||    13
       Ring mail         |    25 |    13 ||    38
Dodge: Dodged            |    60 |    14 ||    74

Table legend: (Time is in decaauts)
 A = Elapsed time spent in this place.
 B = Non-inter-level travel time spent in this place.
 C = Inter-level travel time spent in this place.
 D = Time resting spent in this place.
 E = Time spent auto-exploring this place.
 F = Levels seen in this place.
 G = Mean time per level.
                   A        B        C        D        E       F      G
               +--------+--------+--------+--------+--------+-----+--------+
         Total |   1835 |   1803 |     32 |      0 |   1372 |   5 |  367.0 |
       Dungeon |   1821 |   1789 |     32 |      0 |   1371 |   4 |  455.2 |
         Abyss |     14 |     14 |      0 |      0 |      1 |   1 |   14.0 |
               +--------+--------+--------+--------+--------+-----+--------+

Top non-repeatable levels by time:
     D:1: 1051 daAuts
     D:2: 570 daAuts
     D:3: 178 daAuts
     D:4: 20 daAuts
 Abyss:1: 14 daAuts
